 Dungeon Crawl Stone Soup version 0.31.0-9-g3a7656b989 (webtiles) character file.

Game seed: 12786140804621490892

95 qw the Shooter (level 4, -7/22 HPs)
             Began as a Spriggan Hunter on Feb 2, 2024.
             Killed by divine providence
             ... invoked by an orc priest
              (14 damage)
             ... on level 3 of the Dungeon.
             The game lasted 00:00:05 (1404 turns).

qw the Shooter (Spriggan Hunter)                    Turns: 1404, Time: 00:00:05

Health: -7/22      AC:  2    Str:  7    XL:     4   Next: 39%
Magic:  5/5        EV: 25    Int: 10    God:
Gold:   151        SH:  0    Dex: 20    Spells: 3/3 levels left

rFire   . . .        a - +3 shortbow (flame)
rCold   . . .        (shield currently unavailable)
rNeg    + . .        c - +0 robe
rPois   .            (helmet restricted)
rElec   .            (no cloak)
rCorr   .            (gloves unavailable)
SInv    +            (boots unavailable)
Will    .....        (no amulet)
Stlth   ++           f - ring of positive energy
HPRegen 0.23/turn    h - +5 ring of evasion
MPRegen 0.09/turn

%: no passive effects
@: very quick
A: very small, no large weapons, unfitting armour, see invisible, speed 3
a: no special abilities


You were on level 3 of the Dungeon.
You visited 1 branch of the dungeon, and saw 3 of its levels.

You collected 171 gold pieces.
You spent 20 gold pieces at shops.


Innate Abilities, Weirdness & Mutations

You are very small and have problems with some larger weapons.
You are too small for most types of armour.
You have supernaturally acute eyesight. (SInv)
You cover ground extremely quickly. (Speed+++)


   Skills:
 - Level 1.5 Fighting
 - Level 5.0 Ranged Weapons
 + Level 4.9 Dodging
 - Level 1.5 Stealth


You had 3 spell levels left.
You didn't know any spells.
Your spell library was empty.

Inventory:

Hand Weapons
 a - a +3 shortbow of flaming (weapon)
Armour
 c - a +0 robe (worn)
Jewellery
 f - a ring of positive energy (left hand)
 h - a +5 ring of evasion (right hand)
Scrolls
 d - a scroll of teleportation
Potions
 b - a potion of brilliance {unknown}
 e - a potion of curing {unknown}
 i - a potion of might {unknown}

Dungeon Overview and Level Annotations

Branches:
Dungeon (3/15)

Altars:

Shops:
D:1 *?[[(


Message History

The orc priest calls down the wrath of Beogh upon you.
Beogh smites you!
Ouch! That really hurt!
You hear a shout!
You shoot an arrow.
The arrow closely misses the orc priest.
You shoot an arrow. The arrow hits the bat.
The arrow burns the bat.
You kill the bat!
An orc comes into view. It is wielding a +0 dagger.
You shoot an arrow. The arrow hits the orc priest.
The arrow burns the orc priest.
The orc priest is moderately wounded.
You shoot an arrow. The arrow hits the orc.
The arrow burns the orc.
The orc is severely wounded.
The orc hits you with a +0 dagger.
You shoot an arrow. The arrow hits the orc!
The arrow burns the orc.
You kill the orc!
The orc priest looks encouraged for a moment.
You shoot an arrow. The arrow hits the orc!
The arrow burns the orc.
You kill the orc!
The orc priest looks encouraged for a moment.
You shoot an arrow. The arrow barely misses the orc.
An endoplasm comes into view.
The orc completely misses you.
You shoot an arrow.
The arrow hits the orc but does no damage.
You shoot an arrow. The arrow completely misses the orc.
The orc priest looks encouraged for a moment.
The orc hits you with a +0 whip. The orc misses you.
You shoot an arrow. The arrow hits the orc priest.
The arrow burns the orc priest.
The orc priest is heavily wounded.
The orc priest misses you. The orc misses you.
You shoot an arrow. The arrow hits the orc priest.
The arrow burns the orc priest.
The orc priest is almost dead.
The orc priest calls down the wrath of Beogh upon you.
Beogh smites you!
Ouch! That really hurt!
You die...

.......
.......
......$ ....)
....
########## #.J
#.........
#o###.........
#o@...........
####..........
##.%######
##..# ##.# #.#
#.##.#..
#.##.#.#
#.##.#.#


You could see an orc priest, an orc and an endoplasm.

Vanquished Creatures
  Natasha (D:3)
  A ribbon worm (D:2)
  3 dart slugs
  3 orcs (D:3)
  4 ball pythons
  10 endoplasms
  A giant cockroach (D:1)
  8 goblins
  4 hobgoblins
  7 kobolds
  2 quokkas
  2 bats
  A frilled lizard (D:1)
  6 rats
53 creatures vanquished.

Notes
Turn   | Place    | Note
-------+----------+-------------------------------------------
     0 | D:1      | qw the Spriggan Hunter began the quest for the Orb.
     0 | D:1      | Reached XP level 1. HP: 10/10 MP: 2/2
     0 | D:1      | 0 ||| qw: Version: 0.3-a-155-g5e7d8dd
     0 | D:1      | 0 ||| qw: Game counter: 2420
     0 | D:1      | 0 ||| qw: Melee chars always use a shield: true
     0 | D:1      | 0 ||| qw: God list: Okawaru
     0 | D:1      | 0 ||| qw: Allow faded altars: false
     0 | D:1      | 0 ||| qw: Do Orc after clearing Dungeon:15 true
     0 | D:1      | 0 ||| qw: Do second Lair branch before Depths: true
     0 | D:1      | 0 ||| qw: Lair rune preference: random
     0 | D:1      | 0 ||| qw: Goals: Normal
     0 | D:1      | 0 ||| PLANNING D:1-11
    27 | D:1      | Reached skill level 3 in Dodging
    36 | D:1      | Reached XP level 2. HP: 14/14 MP: 3/3
   105 | D:1      | Found Zawoex's Assorted Antiques.
   108 | D:1      | 108 ||| SHOPLISTING bubbling inky potion (27 gold, have
                  | 11).
   108 | D:1      | 108 ||| SHOPLISTING murky white potion (27 gold, have 11).
   108 | D:1      | 108 ||| SHOPLISTING scroll labelled QONTYZXITYPPE (30 gold,
                  | have 11).
   108 | D:1      | 108 ||| SHOPLISTING scroll labelled XALOEH ONYO (30 gold,
                  | have 11).
   108 | D:1      | 108 ||| SHOPLISTING viscous grey potion (27 gold, have 11).
   281 | D:1      | Reached XP level 3. HP: 18/18 MP: 4/4
   309 | D:1      | Found Runetapu's Magic Scroll Boutique.
   323 | D:1      | Found Vigarof's Antique Armour Boutique.
   325 | D:1      | 325 ||| BUYING scroll of identify (20 gold).
   325 | D:1      | Bought a scroll of identify for 20 gold pieces
   325 | D:1      | 325 ||| SHOPLISTING scroll of identify (20 gold, have 13).
   325 | D:1      | 325 ||| SHOPLISTING scroll of teleportation (30 gold, have
                  | 13).
   337 | D:1      | 337 ||| SHOPLISTING spiked robe (114 gold, have 25).
   340 | D:1      | Found Doepp's Antique Weapon Boutique.
   347 | D:1      | 347 ||| READING scroll of identify.
   347 | D:1      | 347 ||| IDENTIFYING scroll labelled PICHIMUROATS
   417 | D:1      | Found Deisul's Antique Armour Emporium.
   432 | D:1      | 432 ||| SHOPLISTING runed cloak (240 gold, have 45).
   472 | D:1      | 472 ||| READING scroll labelled QIARAE DUPHIE.
   473 | D:1      | 473 ||| READING scroll labelled JIAFUO LADOB.
   473 | D:1      | 473 ||| BRANDING +0 shortbow.
   474 | D:1      | 474 ||| DROPPING scroll of butterflies.
  1079 | D:2      | Reached skill level 5 in Ranged Weapons
  1315 | D:2      | 1315 ||| UPGRADING to ring of positive energy.
  1316 | D:2      | 1316 ||| UPGRADING to +5 ring of evasion.
  1317 | D:2      | 1317 ||| READING scroll labelled FYKUN FEYSMIO.
  1318 | D:2      | 1318 ||| READING 3 scrolls labelled QONTYZXITYPPE.
  1318 | D:2      | 1318 ||| ENCHANTING +0 shortbow of flaming.
  1319 | D:2      | 1319 ||| READING 2 scrolls of enchant weapon.
  1319 | D:2      | 1319 ||| ENCHANTING +1 shortbow of flaming.
  1320 | D:2      | 1320 ||| READING scroll of enchant weapon.
  1320 | D:2      | 1320 ||| ENCHANTING +2 shortbow of flaming.
  1382 | D:3      | Noticed Natasha
  1385 | D:3      | Killed Natasha
  1386 | D:3      | Reached XP level 4. HP: 22/22 MP: 5/5
  1404 | D:3      | Killed from afar by an orc priest

Levels and vault maps discovered:
D:1:      dpeg_arrival_pits, layout_basic, serial_shops, shop,
          nicolae_shop_temple_entry_statues_fountains, nicolae_shop_tiny_glass,
          shop, shop
D:2:      layout_loops_corners
D:3:      layout_basic, uniq_jessica, uniq_natasha

Skill      XL: |  1  2  3 |
---------------+----------+-----
Dodging        | 3 4 |  4.9
Ranged Weapons | 5 |  5.0
Fighting       | |  1.5
Stealth        | |  1.5

Action                     |  1- 3 |  4- 6 || total
---------------------------+-------+-------++-------
   Fire: Shortbow          |   108 |    12 ||   120
    Use: Scroll            |     7 |       ||     7
 Armour: Robe              |     2 |     2 ||     4
  Dodge: Dodged            |    19 |     4 ||    23

Table legend:
 A = Non-vault XP
 B = Vault XP
 C = Vault XP percentage of total XP
 D = Non-vault monster count
 E = Vault monster count
 F = Vault count percentage of total count
                 A         B        C        D         E       F
            +---------+---------+-------+---------+---------+-------
      Total |     100 |      36 |  26.5 |      52 |       1 |   1.9
            +---------+---------+-------+---------+---------+-------
        D:1 |      56 |       0 |   0.0 |      30 |       0 |   0.0
        D:2 |      27 |       0 |   0.0 |      15 |       0 |   0.0
        D:3 |      17 |      36 |  67.9 |       7 |       1 |  12.5
            +---------+---------+-------+---------+---------+-------
